 Dungeon Crawl Stone Soup version 0.28.0-1-gb440e238dd (webtiles) character file.

Game seed: 2627072015112866057

7 pooopro the Skirmisher (level 1, -4/18 HPs)
             Began as a Demonspawn Chaos Knight on Feb 24, 2022.
             Was a Plaything of Xom.
             Frozen to death by an endoplasm (5 damage)
             ... on level 1 of the Dungeon.
             The game lasted 00:01:25 (35 turns).

pooopro the Skirmisher (Demonspawn Chaos Knight)      Turns: 35, Time: 00:01:26

Health: -4/18      AC:  5    Str: 12    XL:     1   Next: 83%
Magic:  1/1        EV: 11    Int: 13    God:    Xom [..*...]
Gold:   0          SH:  0    Dex: 12    Spells: 0/0 levels left

rFire   . . .      SeeInvis .   a - +0 falchion (chaos)
rCold   . . .      Faith    .   (no shield)
rNeg    . . .      Spirit   .   b - +2 leather armour
rPois   .          Reflect  .   (no helmet)
rElec   .          Harm     .   (no cloak)
rCorr   .          Rampage  .   (no gloves)
Will    .....                   (no boots)
Stlth   +.........              (no amulet)
HPRegen 0.06/turn               (no ring)
MPRegen 0.07/turn               (no ring)

@: no status effects
A: no striking features
a: Renounce Religion


You were on level 1 of the Dungeon.
You worshipped Xom.
You were a toy of Xom.
You visited 1 branch of the dungeon, and saw 1 of its levels.

Inventory:

Hand Weapons
 a - a +0 falchion of chaos (weapon)
Armour
 b - a +2 leather armour (worn)


   Skills:
 + Level 3.2 Fighting
 + Level 2.9 Long Blades
 + Level 1.8 Armour
 + Level 0.9 Dodging


You couldn't memorise any spells.
You didn't know any spells.
Your spell library was empty.

Dungeon Overview and Level Annotations

Branches:
Dungeon (1/15)

Altars:


Message History

The quokka bites you but does no damage.
The endoplasm freezes you.
You are frozen.
The rat bites you but does no damage.
You hit the goblin.
You kill the goblin!
The quokka barely misses you. The endoplasm hits you.
The goblin barely misses you. The rat closely misses you.
You miss the goblin.
The quokka bites you but does no damage.
A hobgoblin comes into view.
The endoplasm jiggles.
The endoplasm hits you. The goblin barely misses you.
The rat closely misses you.
The quokka twitches its whiskers.
The quokka barely misses you.
The hobgoblin shouts!
You hit the goblin.
The goblin is severely wounded.
The endoplasm freezes you.
You are frozen.
* * * LOW HITPOINT WARNING * * *
The quokka bites you but does no damage.
The goblin hits you but does no damage. The rat bites you but does no damage.
You hit the goblin.
You kill the goblin!
The quokka bites you but does no damage.
The endoplasm freezes you.
You are frozen.
* * * LOW HITPOINT WARNING * * *
The rat closely misses you. The quokka closely misses you.
The endoplasm freezes you.
You are frozen.
* * * LOW HITPOINT WARNING * * *
You closely miss the quokka.
The quokka is heavily wounded.
The rat bites you but does no damage.
The quokka bites you but does no damage.
The endoplasm freezes you.
You are frozen.
You die...

................
........>......$
................
...!=...........
#....g.........>
#...............
#..$...)........
#......)@J.....#
#.......rr....##
#..........####
#..........#
#..........#
#..........#
##........##
##......##


You could see an endoplasm, a quokka (drained), a hobgoblin and a rat.

Vanquished Creatures
  A dart slug (D:1)
  2 goblins (D:1)
  A bat (D:1)
  A rat (D:1)
5 creatures vanquished.

Vanquished Creatures (others)
  A minotaur (D:1)
  A demonspawn (D:1)
  A gargoyle (D:1)
  An elf (D:1)
  A merfolk (D:1)
  A vampire (D:1)
  A naga (D:1)
  A tengu (D:1)
  A felid (D:1)
  An orc (D:1)
  2 kobolds (D:1)
  4 tentacles (D:1)
16 creatures vanquished.

Grand Total: 21 creatures vanquished

Notes
Turn   | Place    | Note
-------+----------+-------------------------------------------
     0 | D:1      | pooopro the Demonspawn Chaos Knight began the quest for the
                  | Orb.
     0 | D:1      | Reached XP level 1. HP: 18/18 MP: 1/1
     0 | D:1      | Noticed a tengu
     0 | D:1      | Noticed a felid
     0 | D:1      | Noticed a vampire
     0 | D:1      | Noticed a minotaur
     0 | D:1      | Noticed a merfolk
     0 | D:1      | Noticed a kraken
     0 | D:1      | Noticed a gargoyle
     0 | D:1      | Noticed a demonspawn
     0 | D:1      | Noticed an elf
     0 | D:1      | Noticed a naga
     4 | D:1      | Killed a naga
     5 | D:1      | Killed a vampire
     7 | D:1      | Killed an elf
     8 | D:1      | Killed a minotaur
     8 | D:1      | Killed a demonspawn
     9 | D:1      | Killed a gargoyle
    10 | D:1      | Killed a tengu
    11 | D:1      | Killed a merfolk
    11 | D:1      | Killed a felid
    35 | D:1      | Frozen to death by an endoplasm

Illustrated notes

Levels and vault maps discovered:
D:1:      nicolae_arrival_kraken_aquarium_a, layout_rooms, minmay_tetromino_i2

Action                   || total
-------------------------++-------
Melee: Falchion          ||    17
Armor: Leather armour    ||    14
Dodge: Dodged            ||    22
